AoeStats
← dfelip1991

Arena

510631850Analyzed
1v1 RM · 1d ago on Oct 1, 2026· 50m 30s· 2 players
Game mode
Random Map
Map size
Tiny (2 player)
Population
200
Speed
Normal
Resources
Standard
Victory
Conquest
Starting age
Dark Age
Ending age
Imperial Age
RankedLock teamsTeams togetherTeam positionsShared explorationLock speedFull tech treeHidden civsTurbo modeCheats
Victory
Defeat
🇺🇸 Romans · United States
824
+15
🇮🇹 Portuguese · Italy
803
-15
KingGiordan
10:09 Feudal Age
15:51 Castle Age
16:07 Stone Mining
16:11 Gold Mining
23:43 Fletching
30:49 Imperial Age
28:30 Bodkin Arrow
29:45 Horse Collar
30:55 Heated Shot
32:14 Padded Archer Armor
34:21 Chemistry
34:35 Pikeman
36:12 Heavy Plow
37:57 Fortified Wall
39:26 Forging
39:17 Scale Mail Armor
39:51 Crop Rotation
44:43 Elite Organ Gun
46:38 Halberdier
48:09 Bracer
48:45 Iron Casting
dfelip1991
11:48 Feudal Age
12:52 Double-Bit Axe
17:59 Castle Age
16:30 Stone Mining
16:33 Gold Mining
16:29 Horse Collar
17:55 Loom
17:55 Town Watch
18:13 Man-at-Arms
18:54 Squires
19:49 Bow Saw
21:11 Fletching
25:18 Bodkin Arrow
29:12 Town Watch
34:39 Imperial Age
32:18 Heavy Plow
32:58 Ballistas
33:39 Scale Barding Armor
34:04 Ballistics
34:28 Wheelbarrow
34:22 Masonry
35:00 Gold Shaft Mining
35:08 Husbandry
36:37 Chemistry
36:48 Cavalier
37:31 Husbandry
37:45 Bloodlines
39:24 Chain Barding Armor
39:30 Conscription
41:47 Plate Barding Armor
41:04 Heavy Scorpion
42:22 Conscription
43:06 Forging
45:01 Iron Casting
45:51 Architecture
48:56 Long Swordsman
49:41 Scale Mail Armor
50:41 Blast Furnace
50:26 Comitatenses
49:38 Legionary
Connection lost

Rejoining the realm…

Still unreachable

The connection could not be restored.

Session expired

The server has moved on; the page needs a fresh start.